 Dungeon Crawl Stone Soup version 0.28.0-43-g3370ac3207 (webtiles) character file.

Game seed: 4584748157236554903

414 crimpus the Skirmisher (level 6, -1/67 HPs)
             Began as an Ogre Berserker on Mar 15, 2022.
             Was a Believer of Trog.
             Slain by a gnoll
             ... wielding a +0 spear
              (2 damage)
             ... on level 4 of the Dungeon.
             The game lasted 00:03:13 (3070 turns).

crimpus the Skirmisher (Ogre Berserker)             Turns: 3070, Time: 00:03:13

Health: -1/67      AC:  5    Str: 24    XL:     6   Next: 91%
Magic:  6/6        EV: 10    Int:  8    God:    Trog [**....]
Gold:   89         SH:  0    Dex:  8    Spells: 5/5 levels left

rFire   . . .      SeeInvis .   a - +0 mace (vamp)
rCold   . . .      Faith    .   (no shield)
rNeg    . . .      Spirit   .   b - +0 animal skin
rPois   .          Reflect  .   f - +2 hat
rElec   .          Harm     .   (no cloak)
rCorr   .          Rampage  .   (gloves unavailable)
Will    .....                   (boots unavailable)
Stlth   +.........              (no amulet)
HPRegen 0.21/turn               (no ring)
MPRegen 0.10/turn               (no ring)

@: on berserk cooldown, slowed, very slow
A: large, unfitting armour, tough skin 1
a: Renounce Religion, Berserk, Trog's Hand


You were on level 4 of the Dungeon.
You worshipped Trog.
Trog was pleased with you.
You visited 1 branch of the dungeon, and saw 4 of its levels.

You collected 89 gold pieces.

Inventory:

Hand Weapons
 a - a +0 vampiric mace (weapon)
Armour
 b - a +0 animal skin (worn)
 f - a +2 hat (worn)
Jewellery
 i - a ring of resist corrosion
Potions
 k - 2 potions of attraction


   Skills:
 + Level 6.2 Fighting
 + Level 6.0 Maces & Flails
 - Level 2.6 Dodging


You had 5 spell levels left.
You didn't know any spells.
Your spell library was empty.

Dungeon Overview and Level Annotations

Branches:
Dungeon (4/15)
 Temple: D:4-7

Altars:
Elyvilon
Uskayaw
Yredelemnul

Shops:
D:4 !


Innate Abilities, Weirdness & Mutations

You are too large for most types of armour.
You have tough skin. (AC +1)


Message History

Trog accepts your kill. The gnoll completely misses you.
The gnoll hits you from afar with a +0 spear.
Your Maces & Flails skill increases to level 6!
You feel a strong urge to attack something.
You are no longer berserk.
You are exhausted.
You feel yourself slow down. The gnoll hits you with a +0 spear.
The gnoll barely misses you.
Things that are here:
a +0 flail; a gnoll corpse You hit the gnoll.
You feel better.
Your punch misses the gnoll.
The gnoll is heavily wounded.
The gnoll hits you with a +0 spear.
The gnoll hits you from afar with a +0 spear!
The gnoll closely misses you.
The gnoll hits you from afar with a +0 spear.
The gnoll hits you with a +0 spear. The gnoll closely misses you.
The gnoll hits you but does no damage.
As you read the scroll labelled LOCVITA CUTE, it crumbles to dust.
It is a scroll of identify.
You don't have any unidentified items.
The gnoll hits you from afar with a +0 spear.
The gnoll barely misses you.
The gnoll hits you from afar with a +0 spear.
* * * LOW HITPOINT WARNING * * *
The gnoll hits you but does no damage. The gnoll closely misses you.
The gnoll hits you but does no damage. The gnoll hits you but does no damage.
The gnoll hits you from afar with a +0 spear.
* * * LOW HITPOINT WARNING * * *
The gnoll hits you with a +0 flail of protection.
* * * LOW HITPOINT WARNING * * *
The gnoll hits you from afar with a +0 spear.
* * * LOW HITPOINT WARNING * * *
The gnoll hits you but does no damage.
The gnoll hits you with a +0 flail of protection.
* * * LOW HITPOINT WARNING * * *
The gnoll hits you from afar with a +0 spear.
You die...

*,**,***###..#.##.##### #.#
,,**,**,....[.........####.#
,,,,,**,**#..#.............#
,,,,,**,* #.......##########
****,**,* ##.#.......#
,,,,,,,,* #.#.#####.#
,...,...* #.#.......#
,...,...* ##.#.#########
,g?..,..* #..gg.@......#
,.......* #...g..###.###
,.,...#.###...g..# *,*
,.........'......# *,*
,.....#.###......# *,*
,.......)).......# *,*
*####.#.########.# *,*
*,#.,,,,,,,..# *,*
*,##********##**,*


You could see 3 gnolls and a hobgoblin.

Vanquished Creatures
  Pargi (D:3)
  A hornet zombie (D:4)
  A scorpion (D:4)
  A gnoll shaman (D:4)
  A centaur skeleton (D:4)
  A scorpion zombie (D:4)
  2 adders (D:2)
  2 gnolls (D:4)
  A worm (D:2)
  2 dart slugs
  2 orcs
  2 bats
  2 endoplasms (D:4)
  2 giant cockroaches
  4 goblins
  3 hobgoblins
  2 jackals (D:2)
  8 kobolds
  7 ball pythons
  3 frilled lizards
  4 rats
52 creatures vanquished.

Notes
Turn   | Place    | Note
-------+----------+-------------------------------------------
     0 | D:1      | crimpus the Ogre Berserker began the quest for the Orb.
     0 | D:1      | Reached XP level 1. HP: 24/24 MP: 1/1
   217 | D:1      | Reached XP level 2. HP: 22/33 MP: 2/2
   612 | D:1      | You fall into a shaft and drop 1 floor!
   819 | D:2      | Reached XP level 3. HP: 34/40 MP: 3/3
   919 | D:2      | Found a faded altar of an unknown god.
  1322 | D:2      | Reached ** piety under Trog
  1323 | D:2      | Reached skill level 5 in Fighting
  1755 | D:3      | Reached XP level 4. HP: 50/50 MP: 4/4
  1852 | D:3      | Noticed Pargi
  1856 | D:3      | Killed Pargi
  1857 | D:3      | Reached XP level 5. HP: 57/57 MP: 5/5
  1995 | D:4      | HP: 4/85 [hornet zombie (9)]
  1997 | D:4      | Reached skill level 5 in Maces & Flails
  1997 | D:4      | Reached XP level 6. HP: 5/67 MP: 6/6
  2026 | D:4      | Found a white marble altar of Elyvilon.
  2026 | D:4      | Found a hide-covered altar of Uskayaw.
  2026 | D:4      | Found a basalt altar of Yredelemnul.
  2552 | D:4      | Found Pioshran's Distillery.
  3069 | D:4      | HP: 1/67 [gnoll/+0 flail of protection (5)]
  3070 | D:4      | Slain by a gnoll

Illustrated notes

Levels and vault maps discovered:
D:1:      nicolae_arrival_washed_ashore, layout_basic
D:2:      layout_loops_cross, basic_ecumenical_altar, eino_tiny_chamber
D:3:      layout_basic, gammafunk_ghost_grave, kennysheep_jessica_study,
          uniq_jessica, uniq_pargi
D:4:      layout_basic, gammafunk_temple_overflow_forgotten, serial_shops, shop,
          minmay_diced_spiral

Skill      XL: |  1  2  3  4  5  6 |
---------------+-------------------+-----
Maces & Flails | 3 4 5 6 |  6.0
Fighting       | 5 6 |  6.2
Dodging        | |  2.6

Action                   |  1- 3 |  4- 6 || total
-------------------------+-------+-------++-------
Melee: Mace              |    80 |    80 ||   160
       Punch             |     1 |     1 ||     2
Invok: Berserk           |       |     3 ||     3
  Use: Scroll            |       |     5 ||     5
       Potion            |       |     4 ||     4
Armor: Animal skin       |    34 |    33 ||    67
Dodge: Dodged            |    35 |    42 ||    77
